 Dungeon Crawl Stone Soup version 0.31-a0-818-ge7c7cf74f0 (webtiles) character file.

Game seed: 14054277181968858234

83 Essalna the Conjurer (level 4, -1/30 HPs)
             Began as a Demonspawn Conjurer on Sept 23, 2023.
             Killed from afar by an orc wizard (8 damage)
             ... with a puff of flame
             ... on level 3 of the Dungeon.
             The game lasted 00:02:45 (2707 turns).

Essalna the Conjurer (Demonspawn Conjurer)          Turns: 2707, Time: 00:02:46

Health: -1/30      AC:  3    Str:  7    XL:     4   Next: 22%
Magic:  6/8        EV: 12    Int: 22    God:
Gold:   132        SH:  6    Dex: 11    Spells: 8/9 levels left

rFire   . . .        d - +0 dagger
rCold   . . .        (no shield)
rNeg    . . .        a - +0 robe
rPois   .            (no helmet)
rElec   .            i - +0 cloak
rCorr   .            (no gloves)
SInv    .            (no boots)
Will    .....        (no amulet)
Stlth   ++           (no ring)
HPRegen 0.25/turn    (no ring)
MPRegen 0.11/turn

%: no passive effects
@: no status effects
A: large bone plates 2
a: no special abilities


You were on level 3 of the Dungeon.
You visited 1 branch of the dungeon, and saw 3 of its levels.

You collected 132 gold pieces.

Inventory:

Hand Weapons
 d - a +0 dagger (weapon)
Armour
 a - a +0 robe (worn)
 i - a +0 cloak (worn)
Jewellery
 m - a +5 ring of evasion
Scrolls
 c - a scroll of vulnerability {unknown}
 e - a scroll of poison {unknown}
 k - 2 scrolls of teleportation {unknown}
 n - a scroll of enchant weapon {unknown}
 p - a scroll of identify {unknown}
Potions
 b - 2 potions of magic
 f - a potion of haste {unknown}
 g - a potion of curing {unknown}
 h - a potion of attraction {unknown}
 j - a potion of resistance {unknown}
 l - a potion of invisibility {unknown}
 o - a potion of lignification {unknown}


   Skills:
 - Level 1.7 Dodging
 - Level 1.7 Stealth
 + Level 3.2 Spellcasting
 + Level 4.9 Conjurations


You had 8 spell levels left.
You knew the following spells:

 Your Spells              Type           Power      Damage    Failure   Level
a - Magic Dart            Conj           100%       1d8       1%          1

Your spell library contained the following spells:

 Spells                   Type           Power      Damage    Failure   Level
 Searing Ray              Conj           50%        2d6       2%          2
 Dazzling Flash           Conj/Hex       28%        N/A       13%         3
 Inner Flame              Hex/Fire       3%         N/A       36%         3
 Fulminant Prism          Conj/Hex       7%         3d7       41%         4
 Iskenderun's Mystic Bla  Conj/Tloc      14%        2d5       41%         4
 Yara's Violent Unravell  Hex/Tmut       1%         3d3       98%         5
 Enfeeble                 Hex            1%         N/A       100%        7


Dungeon Overview and Level Annotations

Branches:
Dungeon (3/15)

Altars:


Innate Abilities, Weirdness & Mutations

You are mostly covered in large bone plates. (SH +6)


Message History

You feel less confused. The orc wizard closely misses you.
The orc wizard hits you with a +0 dagger.
You closely miss the orc wizard.
The orc wizard is severely wounded.
You block the orc wizard's attack. You block the orc's attack.
The orc wizard hits you but does no damage.
You closely miss the orc wizard.
The orc wizard is severely wounded.
You block the orc wizard's attack.
The orc wizard hits you with a +0 dagger.
The orc closely misses you.
You hit the orc wizard.
The orc wizard is almost dead.
You block the orc wizard's attack. You block the orc's attack.
You block the orc wizard's attack.
You closely miss the orc wizard.
The orc wizard is almost dead.
The orc wizard mumbles some strange words.
The orc wizard flickers and vanishes!
Deactivating autopickup; reactivate with Ctrl-A.
The orc barely misses you. The orc wizard barely misses you.
You hit the orc wizard but do no damage.
The orc wizard is almost dead.
You block the orc wizard's attack. Something hits you but does no damage.
The orc barely misses you.
You barely miss the orc wizard.
The orc wizard is almost dead.
You hear some strange, mumbled words.
Something tries to affect you, but you resist.
The orc wizard gestures at you while chanting.
The puff of flame hits you!
* * * LOW HITPOINT WARNING * * *
The orc barely misses you.
You hit the orc wizard.
You kill the orc wizard!
You hear some strange, mumbled words.
A puff of flame appears from out of thin air!
The puff of flame hits you!
You die...

#.##########
#..........#
#..........# ..
####..........#
..o#.............#
..$..............#
......)..........#
..†..##{o........#
.#.. #@)........#
... ######.#####
oo #... . #+++#


You could see an orc.

Vanquished Creatures
  An orc wizard (D:3)
  3 adders (D:2)
  2 worms (D:2)
  An orc (D:3)
  3 ball pythons
  6 endoplasms
  4 giant cockroaches
  3 hobgoblins
  4 jackals (D:2)
  3 quokkas
  5 bats
  3 goblins
  4 kobolds (D:2)
  3 rats (D:2)
45 creatures vanquished.

Notes
Turn   | Place    | Note
-------+----------+-------------------------------------------
     0 | D:1      | Essalna the Demonspawn Conjurer began the quest for the
                  | Orb.
     0 | D:1      | Reached XP level 1. HP: 13/13 MP: 3/3
   339 | D:1      | Gained mutation: You are partially covered in large bone
                  | plates. (SH +4) [demonic ancestry]
   339 | D:1      | Reached XP level 2. HP: 19/19 MP: 1/5
  1171 | D:2      | Reached XP level 3. HP: 24/24 MP: 5/7
  1969 | D:2      | Gained mutation: You are mostly covered in large bone
                  | plates. (SH +6) [demonic ancestry]
  1969 | D:2      | Reached XP level 4. HP: 30/30 MP: 3/8
  2707 | D:3      | Killed from afar by an orc wizard

Illustrated notes

Levels and vault maps discovered:
D:1:      denvon_arrival_waterhouse, layout_basic, st_stairs_12,
          chequers_serial_rivers_micro_a, minmay_surrounded
D:2:      layout_basic
D:3:      layout_rooms, mainiacjoe_overflow_alcove_2,
          grunt_temple_overflow_open, kennysheep_donut, grunt_ministairs_10,
          uniq_robin

Skill      XL: |  1  2  3 |
---------------+----------+-----
Spellcasting   | 3 |  3.2
Dodging        | |  1.7
Stealth        | |  1.7
Conjurations   | |  4.9

Action                     |  1- 3 |  4- 6 || total
---------------------------+-------+-------++-------
  Melee: Dagger            |    41 |    12 ||    53
   Cast: Magic Dart        |    76 |    20 ||    96
 Armour: Robe              |    22 |    13 ||    35
  Dodge: Dodged            |    45 |    18 ||    63
  Block: Other             |     9 |     7 ||    16

Table legend: (Time is in decaauts)
 A = Elapsed time spent in this place.
 B = Non-inter-level travel time spent in this place.
 C = Inter-level travel time spent in this place.
 D = Time resting spent in this place.
 E = Time spent auto-exploring this place.
 F = Levels seen in this place.
 G = Mean time per level.
                   A        B        C        D        E       F      G
               +--------+--------+--------+--------+--------+-----+--------+
         Total |   2707 |   2609 |     98 |      0 |   2328 |   3 |  902.3 |
       Dungeon |   2707 |   2609 |     98 |      0 |   2328 |   3 |  902.3 |
               +--------+--------+--------+--------+--------+-----+--------+

Top non-repeatable levels by time:
     D:2: 1766 daAuts
     D:1: 852 daAuts
     D:3: 87 daAuts
